 Dungeon Crawl Stone Soup version 0.23-a0-358-g98c7a59 (webtiles) character file.

67 galech the Skirmisher (level 4, 35/35 HPs)
             Began as a Demonspawn Fighter on Oct 22, 2018.
             Quit the game on level 2 of the Dungeon.
             The game lasted 00:01:17 (1311 turns).

galech the Skirmisher (Demonspawn Fighter)          Turns: 1311, Time: 00:01:17

Health: 35/35      AC:  6    Str: 17    XL:     4   Next: 0%
Magic:  4/4        EV:  7    Int:  9    God:
Gold:   36         SH:  9    Dex: 13    Spells: 3/3 levels left

rFire    . . .     SeeInvis .   a - +0 war axe
rCold    . . .     Gourm    .   c - +0 shield
rNeg     . . .     Faith    .   b - +0 scale mail
rPois    .         Spirit   .   (no helmet)
rElec    .         Reflect  .   (no cloak)
rCorr    .         Harm     .   (no gloves)
MR       .....                  (no boots)
Stlth    ..........             (no amulet)
HPRegen  0.11/turn              (no ring)
MPRegen  0.09/turn              (no ring)

@: no status effects
A: talons 1, demonic guardian 1
a: no special abilities


You were on level 2 of the Dungeon.
You were not hungry.

You visited 1 branch of the dungeon, and saw 2 of its levels.

You collected 36 gold pieces.

Inventory:

Hand Weapons
 a - a +0 war axe (weapon)
Armour
 b - a +0 scale mail (worn)
 c - a +0 shield (worn)
Scrolls
 e - 2 scrolls of identify {unknown}
 h - a scroll of fog {unknown}
Potions
 d - a potion of might
 i - a potion of heal wounds {unknown}
 j - a potion of mutation {unknown}
 k - a potion of curing {unknown}
 l - 2 potions of resistance {unknown}
 m - a potion of magic {unknown}
Comestibles
 f - 3 rations
 g - 5 chunks of flesh


   Skills:
 + Level 3.3 Fighting
 + Level 3.0 Axes
 + Level 2.9 Armour
 + Level 0.2 Dodging
 + Level 0.2 Stealth
 + Level 3.1 Shields


You had 3 spell levels left.
You didn't know any spells.
Your spell library was empty.

Dungeon Overview and Level Annotations

Branches:
Dungeon (2/15)

Altars:


Innate Abilities, Weirdness & Mutations

You have sharp toenails.
A weak demonic guardian rushes to your aid.


Message History

You butcher the adder corpse.
You butcher the frilled lizard corpse.
g - 4 chunks of flesh (gained 1);
g - 5 chunks of flesh (gained 1)
Things that are here:
an adder skeleton; a frilled lizard skeleton A rat comes into view.
The rat barely misses you.
Your shield and scale mail prevent you from hitting the rat.
You block the rat's attack.
You closely miss the rat. The rat barely misses you.
The rat bites you but does no damage.
You hit the rat.
You kill the rat!
Your Axes skill increases to level 3!
You have reached level 4!
You feel stronger.
You feel monstrous as your demonic heritage exerts itself.
Your demonic ancestry asserts itself...
Your toenails lengthen and sharpen.
Are you sure you want to abandon this character and quit the game? (Confirm

.....# #.#.###.#
#.#.#####.#......
#......##.#####.#
####÷##.##.#####.#
#...>..........#.#
#.#####.##...#.#.#
#.# #.##...#.#.#
#.# #.##...#.#.#
#@# .......#.#..
#†# ..###.(..#.#
#.# #### #.#.....
#.# #.#..#.. #.#
######.##.#.# #..
.......#..... #..
........#.#.# ...
............#
#######.....#


There were no monsters in sight!

Vanquished Creatures
  3 adders (D:2)
  A dart slug (D:1)
  2 leopard geckos (D:1)
  5 giant cockroaches
  5 goblins
  2 hobgoblins (D:1)
  3 jackals (D:1)
  4 bats (D:1)
  A frilled lizard (D:2)
  5 kobolds
  5 rats
36 creatures vanquished.

Notes
Turn   | Place    | Note
-------+----------+-------------------------------------------
     0 | D:1      | galech the Demonspawn Fighter began the quest for the Orb.
     0 | D:1      | Reached XP level 1. HP: 18/18 MP: 1/1
     9 | D:1      | Noticed a centaur
    86 | D:1      | Gained mutation: A weak demonic guardian rushes to your
                  | aid. [demonic ancestry]
    86 | D:1      | Reached XP level 2. HP: 6/24 MP: 2/2
   736 | D:1      | Reached XP level 3. HP: 28/29 MP: 3/3
  1310 | D:2      | Gained mutation: You have sharp toenails. [demonic
                  | ancestry]
  1310 | D:2      | Reached XP level 4. HP: 35/35 MP: 4/4
  1311 | D:2      | Quit the game

Vault maps used:
D:1:      evilmike_arrival_come_back
D:2:      first_ration

Skill      XL: |  1  2  3 |
---------------+----------+-----
Axes           | 2 3 |  3.0
Shields        | 3 |  3.1
Fighting       | |  3.3
Armour         | |  2.9
Dodging        | |  0.2
Stealth        | |  0.2

Action                   |  1- 3 |  4- 6 || total
-------------------------+-------+-------++-------
Melee: War axe           |   144 |       ||   144
  Eat: Chunk             |     2 |       ||     2
Armor: Scale mail        |    88 |       ||    88
Dodge: Dodged            |    61 |       ||    61
Block: Shield            |    98 |       ||    98

Table legend:
 A = Non-vault XP
 B = Vault XP
 C = Vault XP percentage of total XP
 D = Non-vault monster count
 E = Vault monster count
 F = Vault count percentage of total count
                 A         B        C        D         E       F
            +---------+---------+-------+---------+---------+-------
      Total |      97 |       0 |   0.0 |      36 |       0 |   0.0
            +---------+---------+-------+---------+---------+-------
        D:1 |      47 |       0 |   0.0 |      26 |       0 |   0.0
        D:2 |      50 |       0 |   0.0 |      10 |       0 |   0.0
            +---------+---------+-------+---------+---------+-------
